 Dungeon Crawl Stone Soup version 0.30-a0-1018-g25214051b3 (webtiles) character file.

Game seed: 16874468066193692092

62 ytrimaz the Cudgeller (level 4, 0/32 (38) HPs)
             Began as a Gnoll Reaver on Apr 8, 2023.
             Slain by a gnoll sergeant
             ... wielding a +0 trident
              (8 damage)
             ... on level 4 of the Dungeon.
             The game lasted 00:01:47 (1060 turns).

ytrimaz the Cudgeller (Gnoll Reaver)                Turns: 1060, Time: 00:01:47

HP:   0/32 (38)     AC:  3    Str: 17    XL:     4   Next: 8%
MP:   10/11         EV: 12    Int: 15    God:
Gold: 56            SH:  3    Dex: 10    Spells: 12/13 levels left

rFire   . . .      SeeInvis .    a - +1 mace
rCold   . . .      Faith    .    c - +0 buckler
rNeg    . . .      Spirit   .    b - +0 leather armour
rPois   .          Reflect  .    (no helmet)
rElec   .          Rampage  .    (no cloak)
rCorr   .                        (no gloves)
Will    .....                    (no boots)
Stlth   +                        (no amulet)
HPRegen 0.25/turn                h - +6 ring of strength
MPRegen 0.12/turn                (no ring)

@: heavily drained
A: fangs 1, strong nose, distributed training
a: no special abilities


You were on level 4 of the Dungeon.
You visited 1 branch of the dungeon, and saw 3 of its levels.

You collected 56 gold pieces.


Innate Abilities, Weirdness & Mutations

You have very sharp teeth.
Your uncanny sense of smell can sniff out nearby items.
Your experience applies equally to all skills.


   Skills:
 + Level 4.6 Fighting
 + Level 1.0 Short Blades
 + Level 1.0 Long Blades
 + Level 1.0 Axes
 + Level 6.6 Maces & Flails
 + Level 1.0 Polearms
 + Level 1.0 Staves
 + Level 1.0 Ranged Weapons
 + Level 1.0 Throwing
 + Level 1.0 Armour
 + Level 4.6 Dodging
 + Level 1.0 Stealth
 + Level 1.0 Shields
 + Level 1.0 Unarmed Combat
 + Level 5.0 Spellcasting
 + Level 5.4 Conjurations
 + Level 0.8 Hexes
 + Level 0.8 Summonings
 + Level 0.8 Necromancy
 + Level 0.8 Translocations
 + Level 0.8 Transmutations
 + Level 0.8 Fire Magic
 + Level 0.8 Ice Magic
 + Level 0.8 Air Magic
 + Level 0.8 Earth Magic
 + Level 0.8 Poison Magic
 + Level 1.1 Invocations
 + Level 1.0 Evocations


You had 12 spell levels left.
You knew the following spells:

 Your Spells              Type           Power      Damage    Failure   Level
a - Kiss of Death         Conj/Necr      52%        2d9       8%          1

Your spell library contained the following spells:

 Spells                   Type           Power      Damage    Failure   Level
 Momentum Strike          Conj/Tloc      26%        3d8       12%         2
 Hailstorm                Conj/Ice       13%        3d5       22%         3
 Ensorcelled Hibernation  Hex/Ice        12%        N/A       28%         2
 Passwall                 Tmut/Erth      5%         N/A       28%         2
 Swiftness                Air            6%         N/A       50%         3

Inventory:

Hand Weapons
 a - a +1 mace (weapon)
Missiles
 k - 2 throwing nets
Armour
 b - a +0 leather armour (worn)
 c - a +0 buckler (worn)
   (You found it on level 1 of the Dungeon)
Jewellery
 h - a +6 ring of strength (left hand)
   (You found it on level 1 of the Dungeon)
Scrolls
 d - a scroll of identify
 l - a scroll of vulnerability {unknown}
 m - a scroll of teleportation {unknown}
Potions
 e - 2 potions of haste
 f - a potion of berserk rage {unknown}
 g - a potion of might {unknown}
 i - 4 potions of heal wounds {unknown}
 j - a potion of curing {unknown}

Dungeon Overview and Level Annotations

Branches:
Dungeon (4/15) Zot: 16928
 Temple: D:4-7

Altars:

#....##....#
####...#..##
########)##.#
............####.
................#
.....(.....####.#
######......###.
##..o.....).
#g@##..##.. #gg#
#...# #... ##.# ∆
##..# .# #..# .
#... #.#. #.#..


You could see a gnoll sergeant (drained), 2 gnolls and an orc.


Message History

You hit the kobold but do no damage.
The kobold hits you with a +0 dagger. 😕 HP[-2]
You take 2 damage, and now have 28/31 hp.
Unknown command.
You hit the kobold. The kobold barely misses you.
You completely miss the kobold. The kobold misses you.
The kobold completely misses you. 😕 HP[+1]
You closely miss the kobold.
The kobold hits you with a +0 dagger. 😕 HP[-3]
You take 3 damage, and now have 26/31 hp.
Unknown command.
You hit the kobold.
You kill the kobold!
An orc comes into view. It is wielding a +0 short sword.
The gnoll hits you with a +0 club. 😮 HP[-5]
You take 5 damage, and now have 21/31 hp.
You are too injured to fight recklessly!
Unknown command.
The orc shouts!
You hit the gnoll. Your bite misses the gnoll.
You hear a shout!
The gnoll closely misses you. 😮 HP[+1]
You are too injured to fight recklessly!
You barely miss the gnoll. You block the gnoll's attack.
Unknown command.
You sock the gnoll! Your bite misses the gnoll. The gnoll closely misses you.
You barely miss the gnoll. Your bite misses the gnoll. The gnoll misses you.
You are too injured to fight recklessly!
Unknown command.
You sock the gnoll!
You kill the gnoll!
You have reached level 4!
You feel clever. 😮 HP[+6] MP[+2]
You now have 38 max hp (+7).
You regained 6 hp, and now have 28/38 hp.
Your mp is fully restored (11).
You closely miss the orc.
A gnoll sergeant comes into view. It is wielding a +0 trident.
The orc misses you.
You are too injured to fight recklessly!
You closely miss the orc.
The gnoll sergeant shouts!
Your bite misses the orc.
You hear a shout!
The orc misses you.
A gnoll comes into view.
It is wielding a +0 spear. 😕 HP[+1] Unknown command.
You closely miss the orc. The orc misses you.
You barely miss the orc.
The orc hits you with a +0 short sword. 😮 HP[-4]
You take 4 damage, and now have 25/38 hp.
You hit the orc. The orc completely misses you.
You are too injured to fight recklessly!
Unknown command.
You hit the orc but do no damage.
A gnoll comes into view. It is wielding a +0 flail.
The orc hits you with a +0 short sword. 😮 HP[-2]
You take 2 damage, and now have 23/38 hp.
Unknown command.
You closely miss the orc.
The gnoll shouts!
The gnoll sergeant misses you.
An orc comes into view. It is wielding a +0 mace.
The orc hits you but does no damage.
Unknown command.
The orc shouts!
You hit the orc.
You kill the orc!
You hear a shout! x2
The gnoll sergeant completely misses you.
You block the gnoll sergeant's attack. The gnoll barely misses you.
You hear a shout!
The gnoll sergeant misses you. You block the gnoll's attack.
Items here: )) [ †.
Unknown command.
Aiming: Kiss of Death (safe; 8% risk of failure)
Press: ? - help, Q - select action, (/) - cycle Shift-Dir - straight line, f - gnoll sergeant
Aim: a gnoll sergeant, wielding a +0 trident and wearing a +0 ring mail (100% to hit)
The negative energy hits the gnoll sergeant!
The gnoll sergeant is drained!
You feel drained.
The gnoll sergeant hits you with a +0 trident!
* * * LOW HITPOINT WARNING * * *
😨 HP[-11] MP[-1]
You now have 32 max hp (-6).
You take 11 damage, and now have 12/32 hp.
MASSIVE DAMAGE!! (PAUSE)
You lost 1 mp, and now have 10/11 mp.
You barely miss the gnoll sergeant.
You bite the gnoll sergeant, but do no damage.
The gnoll hits you with a +0 spear.
* * * LOW HITPOINT WARNING * * *
The gnoll sergeant hits you with a +0 trident!
You die...

Skill      XL: |  1  2  3 |
---------------+----------+-----
Spellcasting   | 5 |  5.0
Invocations    | 1 |  1.1
Short Blades   | 1 |  1.0
Long Blades    | 1 |  1.0
Axes           | 1 |  1.0
Polearms       | 1 |  1.0
Staves         | 1 |  1.0
Ranged Weapons | 1 |  1.0
Throwing       | 1 |  1.0
Armour         | 1 |  1.0
Stealth        | 1 |  1.0
Shields        | 1 |  1.0
Unarmed Combat | 1 |  1.0
Evocations     | 1 |  1.0
Fighting       | |  4.6
Maces & Flails | |  6.6
Dodging        | |  4.6
Conjurations   | |  5.4
Hexes          | |  0.8
Summonings     | |  0.8
Necromancy     | |  0.8
Translocations | |  0.8
Transmutations | |  0.8
Fire Magic     | |  0.8
Ice Magic      | |  0.8
Air Magic      | |  0.8
Earth Magic    | |  0.8
Poison Magic   | |  0.8

Action                     |  1- 3 |  4- 6 || total
---------------------------+-------+-------++-------
  Melee: Mace              |   103 |     9 ||   112
         Bite              |     9 |     1 ||    10
         Punch             |     1 |       ||     1
   Cast: Kiss of Death     |       |     1 ||     1
    Use: Scroll            |     3 |       ||     3
 Armour: Leather armour    |    39 |     1 ||    40
  Dodge: Dodged            |    70 |     8 ||    78
  Block: Buckler           |     8 |     2 ||    10

Levels and vault maps discovered:
D:1:      wander_arrival_lonely_grave, layout_rooms, minivault_24
D:2:      layout_rooms, serial_shops, nicolae_shop_behind_doors,
          guppyfry_early_orc_mine
D:4:      layout_rooms, nicolae_ru_path_of_blood, serial_shops, kennysheep_mini

Notes
Turn   | Place    | Note
-------+----------+-------------------------------------------
     0 | D:1      | ytrimaz the Gnoll Reaver began the quest for the Orb.
     0 | D:1      | Reached XP level 1. HP: 20/20 MP: 6/6
     0 | D:1      | magus.rc [v1.9.6]
   234 | D:1      | Reached XP level 2. HP: 26/26 MP: 7/7
   560 | D:2      | You pick up a book of Burglary and begin reading...
   560 | D:2      | You add the spells Passwall, Ensorcelled Hibernation and
                  | Swiftness to your library.
   583 | D:2      | Reached skill level 5 in Spellcasting
   583 | D:2      | Reached XP level 3. HP: 21/31 MP: 7/9
   758 | D:2      | Reached skill level 1 in Invocations
   977 | D:2      | You fall into a shaft and drop 2 floors!
  1019 | D:4      | Reached skill level 1 in Short Blades
  1019 | D:4      | Reached skill level 1 in Long Blades
  1019 | D:4      | Reached skill level 1 in Axes
  1019 | D:4      | Reached skill level 1 in Polearms
  1019 | D:4      | Reached skill level 1 in Staves
  1019 | D:4      | Reached skill level 1 in Ranged Weapons
  1019 | D:4      | Reached skill level 1 in Throwing
  1019 | D:4      | Reached skill level 1 in Armour
  1019 | D:4      | Reached skill level 1 in Stealth
  1019 | D:4      | Reached skill level 1 in Shields
  1019 | D:4      | Reached skill level 1 in Unarmed Combat
  1019 | D:4      | Reached skill level 1 in Evocations
  1050 | D:4      | Reached XP level 4. HP: 28/38 MP: 11/11
  1050 | D:4      | Noticed a gnoll sergeant
  1060 | D:4      | HP: 8/32 [gnoll/+0 spear[a gnoll sergeant] (4)]
  1060 | D:4      | Slain by a gnoll sergeant

Vanquished Creatures
  A gnoll (D:4)
  2 adders
  A dart slug (D:1)
  2 orcs (D:4)
  2 endoplasms (D:1)
  A giant cockroach (D:2)
  A goblin (D:1)
  5 hobgoblins
  2 jackals (D:1)
  2 kobolds (D:4)
  2 quokkas (D:2)
  A ball python (D:1)
  4 bats
  A frilled lizard (D:2)
  A rat (D:1)
28 creatures vanquished.

Table legend:
 A = Non-vault XP
 B = Vault XP
 C = Vault XP percentage of total XP
 D = Non-vault monster count
 E = Vault monster count
 F = Vault count percentage of total count
                 A         B        C        D         E       F
            +---------+---------+-------+---------+---------+-------
      Total |      89 |       0 |   0.0 |      28 |       0 |   0.0
            +---------+---------+-------+---------+---------+-------
        D:1 |      25 |       0 |   0.0 |      13 |       0 |   0.0
        D:2 |      27 |       0 |   0.0 |       9 |       0 |   0.0
        D:4 |      37 |       0 |   0.0 |       6 |       0 |   0.0
            +---------+---------+-------+---------+---------+-------

Illustrated notes

Table legend:
 A = Kills in this place as a percentage of kills in the entire game.
 B = Kills by you in this place as a percentage of kills by you in the entire game.
 C = Kills by friends in this place as a percentage of kills by friends in the entire game.
 D = Other kills in this place as a percentage of other kills in the entire game.
 E = Experience gained in this place as a percentage of experience gained in the entire game.
 F = Experience gained in this place divided by the number of levels of this place that you have seen.
                   A       B       C       D       E      F
               +-------+-------+-------+-------+-------+----------------------
         Total | 100.0 | 100.0 |   N/A |   N/A | 100.0 |  29.7
       Dungeon | 100.0 | 100.0 |   N/A |   N/A | 100.0 |  29.7
               +-------+-------+-------+-------+-------+----------------------

Table legend: (Time is in decaauts)
 A = Elapsed time spent in this place.
 B = Non-inter-level travel time spent in this place.
 C = Inter-level travel time spent in this place.
 D = Time resting spent in this place.
 E = Time spent auto-exploring this place.
 F = Levels seen in this place.
 G = Mean time per level.
                   A        B        C        D        E       F      G
               +--------+--------+--------+--------+--------+-----+--------+
         Total |   1071 |   1007 |     64 |      0 |    733 |   3 |  357.0 |
       Dungeon |   1071 |   1007 |     64 |      0 |    733 |   3 |  357.0 |
               +--------+--------+--------+--------+--------+-----+--------+

Top non-repeatable levels by time:
     D:1: 544 daAuts
     D:2: 438 daAuts
     D:4: 87 daAuts
